TOP OF THE 1ST |
Utica Unicorns batting - Pitching for Birmingham Barons : RHP Michael Young
|
Pitching: RHP Michael Young
|
|
Batting: RHB Mitsuoki Taguchi
|
0-0: Ball 1-0: Called Strike 1-1: Ground out U3 (Groundball, 34)
|
Batting: LHB Mitchell Oglethorpe
|
0-0: Swinging Strike 0-1: Called Strike 0-2: Ball 1-2: Ball 2-2: Ball 3-2: Base on Balls
|
Batting: LHB Sixto Cantú
|
0-0: Grounds into double play, 4-6-3 (Groundball, 4)
|
Top of the 1st over - 0 run(s), 0 hit(s), 0 error(s), 0 left on base; Utica 0 - Birmingham 0 |
BOTTOM OF THE 1ST |
Birmingham Barons batting - Pitching for Utica Unicorns : LHP David Taylor
|
Pitching: LHP David Taylor
|
|
Batting: SHB Tony Echevarría
|
0-0: Called Strike 0-1: Called Strike 0-2: Ball 1-2: Ball 2-2: Ball 3-2: Strikes out swinging
|
Batting: RHB Juan Jiménez
|
0-0: Ground out 4-3 (Groundball, 4)
|
Batting: RHB Todd Rogers
|
0-0: SINGLE (Flyball, 9LS)
|
Batting: LHB Curt Walker
|
0-0: Called Strike 0-1: Foul Ball, location: 2F 0-2: Ball 1-2: SINGLE (Line Drive, 8LS) Todd Rogers to second
|
Batting: RHB Warren Martin
|
0-0: Called Strike 0-1: Called Strike 0-2: Foul Ball, location: 2F 0-2: Fly out, F7 (Flyball, 7)
|
Bottom of the 1st over - 0 run(s), 2 hit(s), 0 error(s), 2 left on base; Utica 0 - Birmingham 0 |
TOP OF THE 2ND |
Utica Unicorns batting - Pitching for Birmingham Barons : RHP Michael Young
|
Batting: RHB Fernando Gálvez
|
0-0: Ball 1-0: Foul Ball, location: 2F 1-1: Called Strike 1-2: Fly out, F9 (Flyball, 9LD)
|
Batting: LHB Tony O'Bryan
|
0-0: Called Strike 0-1: Ball 1-1: Foul Ball, location: 2F 1-2: Foul Ball, location: 2F 1-2: Ground out U3 (Groundball, 34)
|
Batting: RHB Jack Bailey
|
0-0: Called Strike 0-1: Called Strike 0-2: Ball 1-2: Ball 2-2: Foul Ball, location: 2F 2-2: Ground out 5-3 (Groundball, 5L)
|
Top of the 2nd over - 0 run(s), 0 hit(s), 0 error(s), 0 left on base; Utica 0 - Birmingham 0 |
BOTTOM OF THE 2ND |
Birmingham Barons batting - Pitching for Utica Unicorns : LHP David Taylor
|
Batting: RHB Peyton Yardley
|
0-0: Ball 1-0: Foul Ball, location: 2F 1-1: Ball 2-1: Ball 3-1: Foul Ball, location: 2F 3-2: Fly out, F7 (Flyball, 78S)
|
Batting: LHB José Rivera
|
0-0: Foul Ball, location: 2F 0-1: Called Strike 0-2: SINGLE (Line Drive, 9LM)
|
Batting: LHB John Haney
|
0-0: Ball 1-0: Called Strike 1-1: Called Strike 1-2: Ball 2-2: Strikes out swinging José Rivera steals 2nd base Batter strikes out.
|
Batting: RHB Vicente Elías
|
0-0: Swinging Strike 0-1: Foul Ball, location: 2F 0-2: Foul Ball, location: 2F 0-2: Foul Ball, location: 2F 0-2: Ball 1-2: Strikes out swinging
|
Bottom of the 2nd over - 0 run(s), 1 hit(s), 0 error(s), 1 left on base; Utica 0 - Birmingham 0 |
TOP OF THE 3RD |
Utica Unicorns batting - Pitching for Birmingham Barons : RHP Michael Young
|
Batting: RHB Andrew Good
|
0-0: Ball 1-0: SINGLE (Flyball, 9LM)
|
Batting: LHB Bill Hall
|
0-0: Foul Ball, location: 2F 0-1: Ball 1-1: Ball 2-1: Ball 3-1: Base on Balls Andrew Good to second
|
Batting: RHB Gustavo Rodríguez
|
0-0: Ball 1-0: Ball 2-0: Ball 3-0: Called Strike 3-1: Ground out 5-3 (Groundball, 56S) Andrew Good to third Bill Hall to second
|
Batting: RHB Mitsuoki Taguchi
|
0-0: Ball 1-0: Called Strike 1-1: Swinging Strike 1-2: Foul Ball, location: 2F 1-2: Strikes out swinging
|
Batting: LHB Mitchell Oglethorpe
|
0-0: Hit by Pitch
|
Batting: LHB Sixto Cantú
|
0-0: Swinging Strike 0-1: Ball 1-1: Foul Ball, location: 2F 1-2: Ball 2-2: Ball 3-2: Base on Balls Andrew Good scores Bill Hall to third Mitchell Oglethorpe to second
|
Batting: RHB Fernando Gálvez
|
0-0: Foul Ball, location: 2F 0-1: Ball 1-1: Foul Ball, location: 2F 1-2: Strikes out swinging
|
Top of the 3rd over - 1 run(s), 1 hit(s), 0 error(s), 3 left on base; Utica 1 - Birmingham 0 |
BOTTOM OF THE 3RD |
Birmingham Barons batting - Pitching for Utica Unicorns : LHP David Taylor
|
Batting: SHB Tony Echevarría
|
0-0: Swinging Strike 0-1: Foul Ball, location: 2F 0-2: Ball 1-2: Strikes out swinging
|
Batting: RHB Juan Jiménez
|
0-0: SOLO HOME RUN (Flyball, 7D), Distance : 357 ft
|
Batting: RHB Todd Rogers
|
0-0: Called Strike 0-1: Called Strike 0-2: Ball 1-2: Foul Ball, location: 2F 1-2: Ball 2-2: Foul Ball, location: 2F 2-2: Foul Ball, location: 2F 2-2: Strikes out swinging
|
Batting: LHB Curt Walker
|
0-0: Fly out, F7 (Flyball, 7LS)
|
Bottom of the 3rd over - 1 run(s), 1 hit(s), 0 error(s), 0 left on base; Utica 1 - Birmingham 1 |
TOP OF THE 4TH |
Utica Unicorns batting - Pitching for Birmingham Barons : RHP Michael Young
|
Batting: LHB Tony O'Bryan
|
0-0: Ball 1-0: Ball 2-0: Ball 3-0: Called Strike 3-1: Ground out U3 (Groundball, 34)
|
Batting: RHB Jack Bailey
|
0-0: Ball 1-0: Swinging Strike 1-1: Swinging Strike 1-2: Strikes out swinging
|
Batting: RHB Andrew Good
|
0-0: Hit by Pitch
|
Batting: LHB Bill Hall
|
0-0: Called Strike 0-1: Ball 1-1: Fly out, F4 (Line Drive, 4)
|
Top of the 4th over - 0 run(s), 0 hit(s), 0 error(s), 1 left on base; Utica 1 - Birmingham 1 |
BOTTOM OF THE 4TH |
Birmingham Barons batting - Pitching for Utica Unicorns : LHP David Taylor
|
Batting: RHB Warren Martin
|
0-0: Foul Ball, location: 2F 0-1: Single, Error in OF, E8, batter to second base
|
Batting: RHB Peyton Yardley
|
0-0: Ball 1-0: SINGLE (Line Drive, 6M) Warren Martin to third
|
Batting: LHB José Rivera
|
0-0: Foul Ball, location: 2F 0-1: Ball 1-1: Foul Ball, location: 2F 1-2: Foul Ball, location: 2F 1-2: Ball 2-2: Ball 3-2: 3-RUN HOME RUN (Flyball, 9LD), Distance : 357 ft
|
Batting: LHB John Haney
|
0-0: Foul Ball, location: 2F 0-1: Called Strike 0-2: SINGLE (Flyball, 7S)
|
Batting: RHB Vicente Elías
|
0-0: Ball 1-0: Called Strike 1-1: Ball 2-1: Fly out, F2 (Popup, 23)
|
Batting: SHB Tony Echevarría
|
0-0: Swinging Strike 0-1: Ball 1-1: Foul Ball, location: 2F 1-2: Ball 2-2: Strikes out looking
|
Batting: RHB Juan Jiménez
|
0-0: Called Strike 0-1: Ball 1-1: Fly out, F7 (Line Drive, 7)
|
Bottom of the 4th over - 3 run(s), 4 hit(s), 1 error(s), 1 left on base; Utica 1 - Birmingham 4 |
TOP OF THE 5TH |
Utica Unicorns batting - Pitching for Birmingham Barons : RHP Michael Young
|
Batting: RHB Gustavo Rodríguez
|
0-0: SINGLE (Popup, 3S)
|
Batting: RHB Mitsuoki Taguchi
|
0-0: Foul Ball, location: 2F 0-1: Ball 1-1: Called Strike 1-2: Ball 2-2: Strikes out looking
|
Batting: LHB Mitchell Oglethorpe
|
0-0: Ball 1-0: Ball 2-0: Ball 3-0: Called Strike 3-1: Base on Balls Gustavo Rodríguez to second
|
Batting: LHB Sixto Cantú
|
0-0: Ball 1-0: Ball 2-0: Called Strike 2-1: Fly out, F7 (Flyball, 7)
|
Pitching: RHP Rick Grant
|
|
Batting: RHB Fernando Gálvez
|
0-0: Called Strike 0-1: Foul Ball, location: 2F 0-2: Ball 1-2: Fly out, F4 (Popup, 4D)
|
Top of the 5th over - 0 run(s), 1 hit(s), 0 error(s), 2 left on base; Utica 1 - Birmingham 4 |
BOTTOM OF THE 5TH |
Birmingham Barons batting - Pitching for Utica Unicorns : LHP David Taylor
|
Batting: RHB Todd Rogers
|
0-0: Ball 1-0: Swinging Strike 1-1: Foul Ball, location: 2F 1-2: Ball 2-2: Strikes out swinging
|
Batting: LHB Curt Walker
|
0-0: SINGLE (Groundball, 6) (infield hit)
|
Batting: RHB Warren Martin
|
0-0: Foul Ball, location: 2F 0-1: Swinging Strike 0-2: Ball Wild Pitch! Curt Walker to second 1-2: 2-RUN HOME RUN (Flyball, 78XD), Distance : 399 ft
|
Pitching: RHP Wayne Sawyer
|
|
Batting: RHB Peyton Yardley
|
0-0: Called Strike 0-1: Ball 1-1: Foul Ball, location: 2F 1-2: Strikes out looking
|
Batting: LHB José Rivera
|
0-0: Ball 1-0: Ball 2-0: Ball 3-0: Base on Balls
|
Batting: LHB John Haney
|
0-0: Called Strike 0-1: Ball 1-1: Called Strike 1-2: Ball José Rivera steals 2nd base 2-2: Strikes out swinging
|
Bottom of the 5th over - 2 run(s), 2 hit(s), 0 error(s), 1 left on base; Utica 1 - Birmingham 6 |
TOP OF THE 6TH |
Utica Unicorns batting - Pitching for Birmingham Barons : RHP Rick Grant
|
Batting: LHB Tony O'Bryan
|
0-0: Ball 1-0: Fly out, F3 (Popup, 34)
|
Batting: RHB Jack Bailey
|
0-0: Called Strike 0-1: Called Strike 0-2: Strikes out swinging
|
Batting: RHB Andrew Good
|
0-0: Swinging Strike 0-1: Called Strike 0-2: Ball 1-2: Strikes out swinging
|
Top of the 6th over - 0 run(s), 0 hit(s), 0 error(s), 0 left on base; Utica 1 - Birmingham 6 |
BOTTOM OF THE 6TH |
Birmingham Barons batting - Pitching for Utica Unicorns : RHP Wayne Sawyer
|
Batting: RHB Vicente Elías
|
0-0: Foul Ball, location: 2F 0-1: DOUBLE (Groundball, 5L)
|
Batting: SHB Tony Echevarría
|
0-0: Swinging Strike 0-1: Foul Ball, location: 2F 0-2: Foul Ball, location: 2F 0-2: Ball 1-2: Foul Ball, location: 2F 1-2: Ball 2-2: Foul Ball, location: 2F 2-2: Strikes out swinging
|
Batting: RHB Juan Jiménez
|
0-0: Ball 1-0: 2-RUN HOME RUN (Flyball, 7LD), Distance : 357 ft
|
Batting: RHB Todd Rogers
|
0-0: Ball 1-0: Called Strike 1-1: Ball 2-1: Foul Ball, location: 2F 2-2: Strikes out swinging
|
Batting: LHB Curt Walker
|
0-0: Called Strike 0-1: Ground out 4-3 (Groundball, 4)
|
Bottom of the 6th over - 2 run(s), 2 hit(s), 0 error(s), 0 left on base; Utica 1 - Birmingham 8 |
TOP OF THE 7TH |
Utica Unicorns batting - Pitching for Birmingham Barons : RHP Rick Grant
|
Batting: LHB Bill Hall
|
0-0: Ball 1-0: Called Strike 1-1: Swinging Strike 1-2: Foul Ball, location: 2F 1-2: Ground out 3-1 (Groundball, 34)
|
Batting: RHB Gustavo Rodríguez
|
0-0: Ball 1-0: Foul Ball, location: 2F 1-1: Ball 2-1: Foul Ball, location: 2F 2-2: Ball 3-2: Fly out, F8 (Flyball, 8RM)
|
Batting: RHB Mitsuoki Taguchi
|
0-0: SOLO HOME RUN (Flyball, 9D), Distance : 343 ft
|
Batting: LHB Mitchell Oglethorpe
|
0-0: Foul Ball, location: 2F 0-1: Ball 1-1: Foul Ball, location: 2F 1-2: SINGLE (Groundball, 34D)
|
Batting: LHB Sixto Cantú
|
0-0: Foul Ball, location: 2F 0-1: Ball 1-1: Ball 2-1: Ball 3-1: Base on Balls Mitchell Oglethorpe to second
|
Batting: RHB Fernando Gálvez
|
0-0: Called Strike 0-1: Ball 1-1: Ball 2-1: Ball 3-1: Called Strike 3-2: Base on Balls Mitchell Oglethorpe to third Sixto Cantú to second
|
Batting: LHB Tony O'Bryan
|
0-0: Ball 1-0: Swinging Strike 1-1: Foul Ball, location: 2F 1-2: Foul Ball, location: 2F 1-2: Ground out U3 (Groundball, 34)
|
Top of the 7th over - 1 run(s), 2 hit(s), 0 error(s), 3 left on base; Utica 2 - Birmingham 8 |
BOTTOM OF THE 7TH |
Birmingham Barons batting - Pitching for Utica Unicorns : RHP Wayne Sawyer
|
Batting: RHB Warren Martin
|
0-0: Ball 1-0: Foul Ball, location: 2F 1-1: Swinging Strike 1-2: Strikes out swinging
|
Batting: RHB Peyton Yardley
|
0-0: Ball 1-0: Ground out 1-3 (Groundball, 13)
|
Batting: LHB José Rivera
|
0-0: Fly out, F4 (Popup, 34D)
|
Bottom of the 7th over - 0 run(s), 0 hit(s), 0 error(s), 0 left on base; Utica 2 - Birmingham 8 |
TOP OF THE 8TH |
Utica Unicorns batting - Pitching for Birmingham Barons : RHP Rick Grant
|
Batting: RHB Jack Bailey
|
0-0: Ball 1-0: Ground out 6-3 (Groundball, 6)
|
Pitching: RHP César Morín
|
|
Batting: RHB Andrew Good
|
0-0: Called Strike 0-1: Ball 1-1: Foul Ball, location: 2F 1-2: Strikes out swinging
|
Batting: LHB Bill Hall
|
0-0: Ball 1-0: Ball 2-0: Ball 3-0: Base on Balls
|
Batting: RHB Gustavo Rodríguez
|
0-0: Called Strike 0-1: Ball 1-1: Foul Ball, location: 2F 1-2: Ground out 5-3 (Groundball, 5S)
|
Top of the 8th over - 0 run(s), 0 hit(s), 0 error(s), 1 left on base; Utica 2 - Birmingham 8 |
BOTTOM OF THE 8TH |
Birmingham Barons batting - Pitching for Utica Unicorns : RHP Wayne Sawyer
|
Batting: LHB John Haney
|
0-0: Ball 1-0: Ball 2-0: Called Strike 2-1: Foul Ball, location: 2F 2-2: Strikes out swinging
|
Batting: RHB Vicente Elías
|
0-0: Swinging Strike 0-1: Swinging Strike 0-2: Ball 1-2: Foul Ball, location: 2F 1-2: Foul Ball, location: 2F 1-2: Strikes out swinging
|
Batting: SHB Tony Echevarría
|
0-0: Foul Ball, location: 2F 0-1: Foul Ball, location: 2F 0-2: Foul Ball, location: 2F 0-2: Strikes out swinging
|
Bottom of the 8th over - 0 run(s), 0 hit(s), 0 error(s), 0 left on base; Utica 2 - Birmingham 8 |
TOP OF THE 9TH |
Utica Unicorns batting - Pitching for Birmingham Barons : RHP César Morín
|
Batting: RHB Mitsuoki Taguchi
|
0-0: Ground out 4-3 (Groundball, 4)
|
Batting: LHB Mitchell Oglethorpe
|
0-0: Called Strike 0-1: Ground out 6-3 (Groundball, 6)
|
Batting: LHB Sixto Cantú
|
0-0: Ball 1-0: Ball 2-0: Ball 3-0: Called Strike 3-1: Called Strike 3-2: Foul Ball, location: 2F 3-2: SOLO HOME RUN (Line Drive, 7D), Distance : 341 ft
|
Batting: RHB Fernando Gálvez
|
0-0: Ball 1-0: Called Strike 1-1: Ball 2-1: Ball 3-1: Base on Balls
|
Batting: LHB Tony O'Bryan
|
0-0: Called Strike 0-1: Fielders Choice at 2nd, 6-4 (Groundball, 6)
|
Top of the 9th over - 1 run(s), 1 hit(s), 0 error(s), 0 left on base; Utica 3 - Birmingham 8 |
|